 Dungeon Crawl Stone Soup version 0.29.1-15-g9cfb28693d (webtiles) character file.

Game seed: 1969176385079043603

40 Tirrikindir the Ducker (level 3, -3/26 HPs)
             Began as an Octopode Fighter on Apr 20, 2023.
             Was a Believer of Qazlal.
             Killed from afar by Jessica (20 damage)
             ... with a bolt of light
             ... on level 2 of the Dungeon.
             The game lasted 00:03:45 (1326 turns).

Tirrikindir the Ducker (Octopode Fighter)           Turns: 1326, Time: 00:03:46

Health: -3/26      AC:  1    Str: 15    XL:     3   Next: 50%
Magic:  3/3        EV: 13    Int: 10    God:    Qazlal [**....]
Gold:   96         SH:  7    Dex: 13    Spells: 2/2 levels left

rFire   . . .      SeeInvis .   a - +1 long sword (vorpal)
rCold   . . .      Faith    .   b - +0 buckler
rNeg    . . .      Spirit   .   (helmet restricted)
rPois   .          Reflect  .   (no amulet)
rElec   .          Harm     .   (no ring)
rCorr   .          Rampage  .   (no ring)
Will    .....                   (no ring)
Stlth   ++........              (no ring)
HPRegen 0.08/turn               (no ring)
MPRegen 0.08/turn               (no ring)
                                (no ring)
                                (no ring)

@: no status effects
A: almost no armour, amphibious, 8 rings, camouflage 1, gelatinous body 1,
(nimble swimmer 1), tentacles
a: Renounce Religion, Upheaval


You were on level 2 of the Dungeon.
You worshipped Qazlal.
Qazlal was pleased with you.
You visited 1 branch of the dungeon, and saw 2 of its levels.

You collected 96 gold pieces.

Inventory:

Hand Weapons
 a - a +1 vorpal long sword (weapon)
Armour
 b - a +0 buckler (worn)
Scrolls
 j - 2 scrolls of fog
Potions
 c - a potion of might
 d - a potion of magic
 e - 2 potions of cancellation
 f - a potion of degeneration {unknown}


   Skills:
 + Level 3.2 Fighting
 * Level 2.7 Long Blades
 + Level 3.3 Dodging
 - Level 0.9 Stealth
 + Level 3.2 Shields
 + Level 0.7 Invocations


You had 2 spell levels left.
You didn't know any spells.
Your spell library contained the following spells:

 Spells                   Type           Power      Damage    Failure   Level
 Blink                    Tloc           0%         N/A       58%         2
 Ignite Poison            Fire/Tmut/Pois 0%         N/A       83%         3
 Mephitic Cloud           Conj/Pois/Air  0%         N/A       83%         3
 Freezing Cloud           Conj/Ice/Air   0%         6-21      100%        5
 Manifold Assault         Tloc           0%         N/A       100%        5
 Storm Form               Tmut/Air       0%         N/A       100%        7


Dungeon Overview and Level Annotations

Branches:
Dungeon (2/15)

Altars:
Qazlal

Annotations:
D:2 Jessica


Innate Abilities, Weirdness & Mutations

You cannot wear most types of armour.
You are amphibious.
You can wear up to eight rings at the same time.
Your skin changes colour to match your surroundings (Stealth+).
Your rubbery body absorbs attacks. (AC +1, EV +1)
((You are camouflaged when in or above water. (Stealth+)))
You have tentacles for arms and can constrict up to eight enemies at once.


Message History

Qazlal accepts your kill.
There is a stone staircase leading up here.
A dart slug comes into view.
Found a quarterstaff.
The dart slug launches a dart at you. You block the slug dart.
The dart slug launches a dart at you. The slug dart hits you.
You hit the dart slug. You grab the dart slug.
The dart slug is severely wounded.
You constrict the dart slug. The dart slug launches a dart at you.
The slug dart misses you.
You slash the dart slug!
You kill the dart slug!
Qazlal accepts your kill.
You see here a dart slug corpse.
You see here a +0 quarterstaff.
You open the door.
There is an open door here.
There is an open door here.
You open the door.
There is an open door here.
There is an open door here.
You see here 2 javelins.
Found a pair of boots.
You see here a +0 pair of boots.
You see here a +0 pair of boots.
You open the door.
There is an open door here.
Jessica the Apprentice Sorceress comes into view.
She is wielding a +0 club and carrying a wand of light (10).
Jessica shouts, "You're disturbing me!
I'll have to kill you!" Jessica barely misses you.
You see here a scroll of identify.
You closely miss Jessica. You grab Jessica. You constrict Jessica.
Jessica gestures at you while chanting. Pain shoots through your body!
Jessica zaps a wand.
The bolt of light hits you!!
Ouch! That really hurt!
You die...

######......##...##..
#......##...##..
###...........##..
#.............##.#
#.#........##.#...
#.#........##.##..
#.#........##.....
#.#.....#####.##..
***#@####..# #.#..(
#....@..#..# #.##..
##.###.##..# #.....
#.**,..#,,* ####.#
#,***,##,,* ### *,*
*,**,** *,***,*,,,*
*,,,*,,,*,****
***,,,*,,,,,,*


You could see Jessica.

Vanquished Creatures
  An adder (D:2)
  2 dart slugs (D:2)
  4 endoplasms
  A giant cockroach (D:1)
  2 hobgoblins
  4 ball pythons
  2 bats
  3 frilled lizards
  4 kobolds
  6 rats
29 creatures vanquished.

Notes
Turn   | Place    | Note
-------+----------+-------------------------------------------
     0 | D:1      | Tirrikindir the Octopode Fighter began the quest for the
                  | Orb.
     0 | D:1      | Reached XP level 1. HP: 16/16 MP: 1/1
   234 | D:1      | Reached XP level 2. HP: 21/21 MP: 2/2
   264 | D:1      | Found a faded altar of an unknown god.
   277 | D:1      | Prayed at the altar of an unknown god.
   277 | D:1      | Became a worshipper of Qazlal Stormbringer
   277 | D:1      | Reached * piety under Qazlal
   905 | D:2      | Reached XP level 3. HP: 24/26 MP: 3/3
  1164 | D:2      | Reached ** piety under Qazlal
  1324 | D:2      | Noticed Jessica
  1326 | D:2      | Killed from afar by Jessica

Illustrated notes

Levels and vault maps discovered:
D:1:      wheals_arrival_linesprint, layout_loops_ring,
          ebering_ecumenical_altar_hall
D:2:      layout_basic, hangedman_abyss_or_decor_lesser_grid, st_stairs_4,
          grunt_decor_fettered, minivault_5, uniq_jessica

Action                   || total
-------------------------++-------
Melee: Long sword        ||    49
       Constrict         ||    11
       Tentacles         ||     3
  Use: Scroll            ||     8
 Stab: Sleeping          ||     1
Armor: Skin              ||     5
Dodge: Dodged            ||    29
Block: Buckler           ||    16
